 Dungeon Crawl Stone Soup version 0.24.1 (webtiles) character file.

Game seed: 16897385972215806028, levelgen mode: deterministic

2335 Fukker the Twirler (level 9, -11/61 HPs)
             Began as a Demonspawn Gladiator on Mar 30, 2020.
             Killed from afar by a deep elf mage (25 damage)
             ... with a bolt of lightning
             ... on level 7 of the Dungeon.
             The game lasted 00:17:13 (6291 turns).

Fukker the Twirler (Demonspawn Gladiator)           Turns: 6291, Time: 00:17:14

Health: -11/61     AC: 13    Str: 15 (16) XL:     9   Next: 19%
Magic:  9/9        EV: 13    Int: 10      God:
Gold:   353        SH:  7    Dex: 16      Spells: 8/8 levels left

rFire    . . .     SeeInvis .   J - +2 rapier (speed)
rCold    + . .     Gourm    .   r - +2 buckler
rNeg     . . .     Faith    .   E - +3 leather armour {MR+}
rPois    .         Spirit   .   F - +2 helmet
rElec    .         Reflect  .   (no cloak)
rCorr    .         Harm     .   (no gloves)
MR       +....                  (no boots)
Stlth    +.........             (no amulet)
HPRegen  0.20/turn              (no ring)
MPRegen  0.11/turn              (no ring)

@: no status effects
A: talons 1, icy blue scales 3, demonic guardian 1
a: no special abilities


You were on level 7 of the Dungeon.
You were hungry.

You visited 2 branches of the dungeon, and saw 9 of its levels.
You also visited: Sewer.

You collected 353 gold pieces.

Inventory:

Hand Weapons
 a - a +0 quarterstaff
 D - a +0 shortbow
 G - a +4 quarterstaff of chaos
 J - a +2 rapier of speed (weapon)
Missiles
 h - 19 sling bullets
 i - 95 arrows
 l - 212 stones
 y - 15 bolts
 z - 9 poisoned darts (quivered)
 H - 6 boomerangs
Armour
 b - a +0 leather armour
 c - a +0 helmet
 m - a +0 ring mail
 r - a +2 buckler (worn)
 E - a +3 leather armour of magic resistance (worn)
 F - a +2 helmet (worn)
Jewellery
 d - an uncursed ring of poison resistance
Wands
 q - a wand of flame (5)
 B - a wand of paralysis (2)
Scrolls
 g - a scroll of noise
 k - 2 scrolls of fog
 n - 7 scrolls of remove curse
 p - 2 scrolls of immolation
 w - 5 scrolls of blinking
 C - a scroll of amnesia
 I - 3 scrolls of teleportation
 L - a scroll of fear {unknown}
Potions
 e - a potion of ambrosia
 j - a potion of lignification {unknown}
 o - 3 potions of degeneration
 s - a potion of experience {unknown}
 t - a potion of mutation {unknown}
 u - 2 potions of agility {unknown}
 v - a potion of flight {unknown}
 x - 3 potions of heal wounds
 A - a potion of brilliance {unknown}
 K - a potion of might
 N - 2 potions of curing {unknown}
 O - 2 potions of magic {unknown}
Comestibles
 f - 10 rations


   Skills:
 - Level 2.0 Fighting
 + Level 7.3 Short Blades
 - Level 7.9 Staves
 - Level 1.7 Throwing
 - Level 1.0 Armour
 - Level 2.6 Dodging
 * Level 3.6 Shields


You had 8 spell levels left.
You didn't know any spells.
Your spell library was empty.

Dungeon Overview and Level Annotations

Branches:
Dungeon (8/15)             Temple (1/1) D:6           Sewer (visited)
   Lair: D:8-11

Altars:
Cheibriados
Hepliaklqana
Kikubaaqudgha
Qazlal
Sif Muna
Uskayaw
Vehumet
Wu Jian
Xom
Yredelemnul
Zin


Innate Abilities, Weirdness & Mutations

You have sharp toenails.
You are completely covered in icy blue scales. (AC +4, rC+)
A weak demonic guardian rushes to your aid.


Message History

You hit the deep elf mage.
The deep elf mage is almost dead.
The deep elf mage hits you with a +0 dagger.
The deep elf mage hits you with a +0 long sword!
* * * LOW HITPOINT WARNING * * *
You closely miss the deep elf mage. Your kick misses the deep elf mage.
The deep elf mage is severely wounded.
You hit the deep elf mage. Your kick misses the deep elf mage.
The deep elf mage is almost dead.
The deep elf mage hits you but does no damage.
You hit the deep elf mage but do no damage.
You claw the deep elf mage, but do no damage.
The deep elf mage is almost dead.
The deep elf mage hits you but does no damage.
You hit the deep elf mage but do no damage.
Your kick misses the deep elf mage.
The deep elf mage is almost dead.
The deep elf mage gestures at you while chanting.
The bolt of lightning hits you!!
You die...

#..# ..
#######..# ##
.........#
#.....##.#
.###....#
#.....#########
#..8...........
#.e...#########
###@### #.e.#
#.*.# #...#
#####


You could see 2 deep elf magi and a battlesphere.

Vanquished Creatures
  A tengu warrior (D:8)
  Eustachio (D:5)
  An orc warrior (D:6)
  A sky beast (D:8)
  An ice beast (D:6)
  2 ogres
  3 centaurs
  A bullfrog (D:7)
  A scorpion (D:5)
  A crimson imp (D:6)
  2 orc wizards
  A bullfrog skeleton (D:6)
  2 orc priests
  Crazy Yiuf (D:2)
  An iguana (D:4)
  Ijyb (D:5)
  A worker ant (D:5)
  A gnoll (D:1)
  8 adders
  An ooze (D:6)
  An adder skeleton (D:8)
  3 worms (D:2)
  2 dart slugs
  12 leopard geckos
  12 orcs
  7 bats
  8 giant cockroaches
  4 goblins (D:1)
  9 hobgoblins
  10 jackals
  9 kobolds
  3 quokkas
  A ball python (Sewer)
  2 frilled lizards
  A jackal skeleton (D:6)
  2 leopard gecko skeletons
  7 rats
  A fungus (D:2)
126 creatures vanquished.

Vanquished Creatures (collateral kills)
  A tengu conjurer (D:8)
  Sigmund (D:5)
  A sky beast (D:5)
  A centaur (D:6)
  An ogre (D:4)
  A hound (D:4)
  4 orcs
10 creatures vanquished.

Grand Total: 136 creatures vanquished

Notes
Turn   | Place    | Note
-------+----------+-------------------------------------------
     0 | D:1      | Fukker the Demonspawn Gladiator began the quest for the
                  | Orb.
     0 | D:1      | Reached XP level 1. HP: 16/16 MP: 1/1
   104 | D:1      | Gained mutation: A weak demonic guardian rushes to your
                  | aid. [demonic ancestry]
   104 | D:1      | Reached XP level 2. HP: 10/22 MP: 2/2
   457 | D:1      | Reached XP level 3. HP: 24/27 MP: 3/3
  1281 | D:2      | Reached skill level 1 in Armour
  1426 | D:2      | Found a runed translucent door.
  1519 | D:3      | Reached XP level 4. HP: 27/33 MP: 4/4
  1792 | D:3      | Found an ornate altar of the Wu Jian Council.
  2230 | D:4      | Reached skill level 5 in Staves
  2245 | D:4      | Gained mutation: You are partially covered in icy blue
                  | scales. (AC +2) [demonic ancestry]
  2245 | D:4      | Reached XP level 5. HP: 27/38 MP: 5/5
  2272 | D:4      | Noticed an ogre
  2284 | D:4      | Killed an ogre
  2646 | D:5      | Entered Level 5 of the Dungeon
  2653 | D:5      | Noticed a centaur
  2668 | D:5      | Killed a centaur
  2668 | D:5      | Gained mutation: You are mostly covered in icy blue scales.
                  | (AC +3) [demonic ancestry]
  2668 | D:5      | Reached XP level 6. HP: 36/44 MP: 6/6
  2679 | D:5      | Noticed Sigmund
  2697 | D:5      | Killed Sigmund
  2844 | D:5      | Noticed Ijyb
  2866 | D:5      | Killed Ijyb
  2995 | D:5      | HP: 1/44 [centaur/arrow (6)]
  3004 | D:5      | Reached XP level 7. HP: 30/50 MP: 7/7
  3273 | D:2      | Noticed Crazy Yiuf
  3281 | D:2      | Killed Crazy Yiuf
  3543 | D:5      | Noticed Eustachio
  3555 | D:5      | Killed Eustachio
  3592 | D:5      | Reached skill level 1 in Short Blades
  3760 | D:6      | Found a glowing drain.
  3789 | Sewer    | Entered a sewer
  4442 | D:6      | Found a staircase to the Ecumenical Temple.
  4450 | Temple   | Entered the Ecumenical Temple
  4664 | D:6      | Reached skill level 1 in Shields
  4664 | D:6      | Gained mutation: You are completely covered in icy blue
                  | scales. (AC +4, rC+) [demonic ancestry]
  4664 | D:6      | Reached XP level 8. HP: 35/56 MP: 8/8
  5820 | D:8      | Noticed a tengu warrior
  5875 | D:8      | Reached skill level 5 in Short Blades
  5902 | D:8      | Noticed a tengu conjurer
  5936 | D:8      | Killed a tengu warrior
  5936 | D:8      | Gained mutation: You have sharp toenails. [demonic
                  | ancestry]
  5936 | D:8      | Reached XP level 9. HP: 16/61 MP: 9/9
  5938 | D:8      | Killed a tengu conjurer
  6273 | D:7      | Found a snail-covered altar of Cheibriados.
  6273 | D:7      | Noticed a deep elf mage
  6274 | D:7      | Noticed a deep elf mage
  6291 | D:7      | Killed from afar by a deep elf mage

Levels and vault maps discovered:
D:1:      minmay_arrival_four_loops, layout_basic
D:2:      layout_rooms, uniq_crazy_yiuf_cottage
D:3:      layout_basic, nicolae_overflow_crystal_walls, first_ration
D:4:      layout_rooms
D:5:      layout_rooms, minmay_fountain_box, uniq_eustachio, uniq_ijyb,
          uniq_sigmund
D:6:      layout_rooms, minmay_temple_entry_statues_pillars,
          gup_sewer_entry_pipe
D:7:      minmay_the_grid_triangle_9x9_rhombus_thin
          [minmay_the_grid_triangle_9x9_swiss_cheese,
          minmay_the_grid_triangle_9x9_prize_special,
          minmay_the_grid_triangle_9x9_tough_junction,
          minmay_the_grid_triangle_9x9_cache], layout_rooms, basic_altar,
          the_bakery, david_defended_altar_elf, uniq_pikel
D:8:      layout_basic, nicolae_dithmenos_shadow_blocks, minitemple,
          minmay_misc_feat_cross, minmay_misc_feat_tower, minivault_22
Temple:   compressed_dpeg_triangle_lava_temple

Skill      XL: |  1  2  3  4  5  6  7  8  9 |
---------------+----------------------------+-----
Staves         | 3 4 5 6 7 |  7.9
Armour         | 1 |  1.0
Short Blades   | 3 6 7 |  7.3
Shields        | 1 3 |  3.6
Fighting       | |  2.0
Throwing       | |  1.7
Dodging        | |  2.6

Action                   |  1- 3 |  4- 6 |  7- 9 || total
-------------------------+-------+-------+-------++-------
Melee: Quarterstaff      |   151 |   132 |    23 ||   306
       Rapier            |       |       |   285 ||   285
       Kick              |       |       |     8 ||     8
Throw: Throwing net      |     2 |     4 |     3 ||     9
       Dart              |       |       |     9 ||     9
  Use: Potion            |       |     2 |     2 ||     4
       Scroll            |       |       |     8 ||     8
 Stab: Held in net/web   |       |     3 |       ||     3
       Distracted        |       |     2 |     2 ||     4
       Sleeping          |       |       |     1 ||     1
  Eat: Chunk             |     2 |     5 |     7 ||    14
       Ration            |       |       |     1 ||     1
Armor: Ring mail         |    45 |    30 |       ||    75
       Leather armour    |     1 |     3 |    75 ||    79
Dodge: Dodged            |    95 |    76 |    99 ||   270
Block: Buckler           |       |       |    54 ||    54
